Map: Cactus Valley LE (Void)

Players

MaydorK

  • Race: Protoss Protoss

Bop - Winner!

  • Race: Zerg Zerg

VOD

Have the link to the VOD?

Description

Time

  • Played on: May 6, 2015, 9:35 p.m.
  • Length: 11:37
Show
View Real Time Build Order
Export as new Build Order

MaydorK Protoss 

Build Orders: Nexus First, Mass Adepts 

Get SALT Encoding   

  12  0:01  Probe  
  13  0:16  Pylon  
  14  0:21  Probe  
  14  0:34  Probe (Chrono Boost)  
  15  0:46  Probe (Chrono Boost)  
  16  0:52  Probe (Chrono Boost)  
  17  1:00  Nexus  
  17  1:11  Gateway  
  17  1:20  Gateway  
  17  1:25  Assimilator  
  17  1:28  Probe (Chrono Boost)  
  18  1:39  Probe (Chrono Boost)  
  19  1:45  Probe  
  20  1:47  Pylon  
  20  1:58  Probe  
  20  1:59  Cybernetics Core  
  21  2:07  Zealot  
  23  2:09  Zealot  
  23  2:13  Probe  
  26  2:16  Probe  
  27  2:25  Probe  
  27  2:29  Probe  
  29  2:32  Assimilator  
  29  2:35  Adept (Chrono Boost)  
  31  2:39  Adept (Chrono Boost)  
  31  2:42  Warp Gate (Chrono Boost)  
  33  2:50  Probe x2 (Chrono Boost)  
  35  3:01  Probe x2 (Chrono Boost)  
  37  3:08  Probe (Chrono Boost)  
  37  3:09  Mothership Core  
  37  3:10  Gateway  
  39  3:21  Gateway  
  39  3:26  Probe  
  40  3:30  Probe  
  40  3:31  Pylon  
  37  3:50  Probe x2 (Chrono Boost)  
  35  4:02  Probe x2 (Chrono Boost)  
  36  4:10  Probe (Chrono Boost)  
  36  4:12  Pylon  
  36  4:15  Pylon  
  35  4:17  Pylon x2  
  33  4:30  Pylon  
  32  4:32  Adept x2  
  32  4:35  Adept x2  
  35  4:46  Pylon  
  35  4:55  Adept x4  
  43  5:04  Probe (Chrono Boost)  
  44  5:14  Probe (Chrono Boost)  
  44  5:30  Nexus  
  44  5:40  Probe  
  45  5:49  Stargate  
  45  5:50  Stargate  
  45  5:52  Probe (Chrono Boost)  
  45  5:54  Zealot x3  
  51  6:16  Pylon  
  51  6:32  Pylon  
  51  6:35  Assimilator  
  51  6:36  Pylon  
  51  6:38  Pylon  
  51  6:41  Pylon  
  51  6:42  Probe  
  51  6:46  Pylon  
  52  6:54  Probe  
  53  7:07  Adept x3  
  53  7:08  Zealot  
  61  7:17  Probe (Chrono Boost)  
  61  7:18  Probe (Chrono Boost)  
  63  7:23  Oracle, Assimilator  
  63  7:27  Probe (Chrono Boost)  
  63  7:29  Probe (Chrono Boost)  
  68  7:33  Forge  
  68  7:46  Adept x4  
  56  8:03  Adept x3  
  56  8:11  Adept  
  57  8:20  Probe x2  
  57  8:22  Void Ray (Chrono Boost)  
  62  8:32  Probe x2  
  56  8:44  Probe  
  61  8:52  Void Ray (Chrono Boost)  
  61  9:01  Void Ray (Chrono Boost)  
  65  9:05  Photon Cannon  
  65  9:06  Nexus  
  65  9:09  Pylon  
  65  9:17  Probe x2  
  67  9:25  Void Ray (Chrono Boost)  
  67  9:29  Pylon  
  71  9:36  Adept x3  
  66  10:04  Nexus  
  62  10:15  Zealot x2  
  66  10:30  Nexus  
Show
View Real Time Build Order
Export as new Build Order

Bop Zerg - Winner!

Build Orders: Hatch First, Swarm Host 

Get SALT Encoding   

  12  0:01  Drone  
  13  0:08  Drone  
  14  0:19  Overlord  
  14  0:24  Extractor  
  14  0:26  Drone  
  15  0:38  Drone x2  
  17  0:45  Drone  
  18  0:58  Hatchery  
  18  1:02  Extractor  
  18  1:03  Drone  
  17  1:06  Drone  
  18  1:19  Spawning Pool  
  18  1:22  Drone  
  18  1:29  Drone  
  19  1:39  Overlord  
  19  1:51  Drone  
  20  2:06  Queen  
  22  2:08  Zergling x2  
  22  2:09  Queen  
  22  2:11  Zergling x2  
  22  2:14  Metabolic Boost  
  26  2:16  Drone  
  26  2:22  Drone x2  
  29  2:32  Drone x2  
  31  2:42  Drone  
  31  2:43  Drone  
  33  2:45  Queen  
  33  2:50  Lair  
  35  2:58  Drone  
  36  3:02  Overlord  
  35  3:22  Zergling x16  
  43  3:27  Overlord x2  
  43  3:48  Zergling x16  
  49  3:54  Infestation Pit  
  44  3:56  Drone x4  
  44  3:59  Drone  
  49  4:06  Drone x2  
  49  4:18  Drone x2  
  49  4:24  Overlord  
  51  4:26  Drone x6  
  57  4:36  Drone x2  
  58  4:42  Extractor  
  58  4:44  Extractor  
  53  4:48  Swarm Host x2  
  57  4:58  Overlord x2  
  57  5:00  Queen  
  57  5:07  Swarm Host  
  57  5:10  Drone x2  
  61  5:21  Swarm Host  
  61  5:26  Zergling x10  
  68  5:32  Overlord  
  67  5:39  Hive, Extractor  
  65  5:51  Zergling x12  
  65  5:52  Zergling x4  
  65  5:54  Overlord  
  73  5:58  Drone x2  
  73  6:00  Drone  
  76  6:12  Swarm Host  
  79  6:20  Zergling x8  
  82  6:26  Overlord  
  82  6:31  Queen  
  82  6:34  Swarm Host  
  82  6:36  Overseer  
  85  6:41  Drone x2  
  87  6:52  Swarm Host x2  
  92  6:59  Zergling x8  
  95  7:04  Overlord  
  95  7:15  Swarm Host  
  98  7:25  Ultralisk Cavern  
  98  7:29  Zergling x2  
  99  7:30  Zergling x12  
  99  7:31  Adrenal Glands  
  81  8:15  Ultralisk x3  
  99  8:20  Zergling x16  
  106  8:42  Zergling x2  
  106  8:43  Zergling x2  
  106  8:44  Overlord x2  
  108  8:54  Spore Crawler  
  108  8:55  Spore Crawler  
  106  9:08  Overlord  
  105  9:14  Drone x4  
  106  9:22  Ultralisk  
  106  9:23  Ultralisk  
  115  9:28  Chitinous Plating  
  115  9:38  Zergling x8  
  114  9:44  Overseer  
  110  9:47  Drone x2  
  110  9:49  Overseer  
  103  10:19  Zergling x12  
  108  10:29  Hydralisk Den  
  107  10:49  Hatchery  
  106  10:54  Zergling x10  
  106  10:55  Zergling x2  
Tags
 
Add a new tag
Caveats
  • Supply blocks, unpowered buildings, or Contaminate may cause inaccurate times.
  • Supply counts are checked every 10 seconds.